 Dungeon Crawl Stone Soup version 0.29-a0-885-gb26ba3297d (webtiles) character file.

Game seed: 6891404616162900613

210 jimonade the Sneak (level 6, -1/36 HPs)
             Began as a Kobold Brigand on July 20, 2022.
             Slain by a scorpion (6 damage)
             ... on level 4 of the Dungeon.
             The game lasted 00:06:06 (3034 turns).

jimonade the Sneak (Kobold Brigand)                 Turns: 3034, Time: 00:06:06

Health: -1/36      AC:  6    Str:  9    XL:     6   Next: 12%
Magic:  7/7        EV: 14    Int: 12    God:
Gold:   90         SH:  0    Dex: 18    Spells: 7/7 levels left

rFire   x . .      SeeInvis .   a - +2 dagger
rCold   + . .      Faith    .   (no shield)
rNeg    . . .      Spirit   .   b - +0 robe
rPois   .          Reflect  .   (no helmet)
rElec   .          Harm     .   o - +2 cloak
rCorr   .          Rampage  .   (no gloves)
Will    .....                   w - +0 pair of boots
Stlth   +++++.....              (no amulet)
HPRegen 0.12/turn               t - ring of ice
MPRegen 0.10/turn               (no ring)

@: no status effects
A: small, no large weapons, nightstalker 3
a: no special abilities


You were on level 4 of the Dungeon.
You visited 1 branch of the dungeon, and saw 4 of its levels.

You collected 90 gold pieces.

Inventory:

Hand Weapons
 a - a +2 dagger (weapon)
 m - a +0 sling
Missiles
 d - 9 poisoned darts (quivered)
 e - 3 curare-tipped darts
Armour
 b - a +0 robe (worn)
 c - a +0 ring mail
 h - a +0 plate armour
 j - a +0 leather armour
 o - a +2 cloak (worn)
 w - a +0 pair of boots (worn)
Jewellery
 t - a ring of ice (left hand)
Wands
 y - a wand of acid (9)
Scrolls
 f - a scroll of blinking
 g - a scroll of butterflies {unknown}
 i - 8 scrolls of identify {unknown}
 l - a scroll of poison {unknown}
 p - a scroll of vulnerability {unknown}
 q - 2 scrolls of silence {unknown}
 s - a scroll of amnesia {unknown}
 v - a scroll of immolation {unknown}
Potions
 k - a potion of ambrosia {unknown}
 n - 2 potions of haste {unknown}
 r - 3 potions of degeneration {unknown}
 u - a potion of lignification {unknown}
 x - a potion of might {unknown}
 z - a potion of magic {unknown}


   Skills:
 + Level 2.4 Fighting
 + Level 3.4 Short Blades
 - Level 2.1 Throwing
 + Level 1.6 Dodging
 * Level 7.8 Stealth
 * Level 1.0 Spellcasting
 * Level 1.2 Conjurations
 * Level 1.5 Air Magic
 * Level 1.2 Poison Magic


You had 7 spell levels left.
You didn't know any spells.
Your spell library contained the following spells:

 Spells                   Type           Power      Damage    Failure   Level
 Magic Dart               Conj           12%        1d3       19%         1
 Poisonous Vapours        Pois/Air       6%         N/A       26%         2
 Call Imp                 Summ           0%         N/A       41%         2
 Mephitic Cloud           Conj/Pois/Air  3%         N/A       45%         3
 Corpse Rot               Necr/Pois/Air  2%         N/A       90%         4


Dungeon Overview and Level Annotations

Branches:
Dungeon (4/15)             Temple (0/1) D:4

Altars:

Shops:
D:1 :   D:2 (


Innate Abilities, Weirdness & Mutations

You are small and have problems with some larger weapons.
You are completely attuned to the shadows.


Message History

You hit the scorpion but do no damage.
The scorpion is severely wounded.
You feel sick.
You are no longer poisoned.
The scorpion barely misses you.
The endoplasm hits you but does no damage.
You hit the scorpion but do no damage.
The scorpion is severely wounded.
The scorpion stings you but does no damage.
The endoplasm freezes you.
You are frozen.
You resist.
* * * LOW HITPOINT WARNING * * *
You hit the scorpion but do no damage.
The scorpion is severely wounded.
The scorpion barely misses you. The endoplasm freezes you.
You are frozen.
You resist.
* * * LOW HITPOINT WARNING * * *
You closely miss the scorpion.
The scorpion is severely wounded.
The scorpion closely misses you. The endoplasm misses you.
You hit the scorpion.
The scorpion is almost dead.
The scorpion closely misses you. The endoplasm barely misses you.
You hit the scorpion but do no damage.
The scorpion is almost dead.
The scorpion barely misses you.
You are too injured to fight recklessly!
You hit the scorpion but do no damage.
The scorpion is almost dead.
The scorpion barely misses you. The endoplasm closely misses you.
The scorpion stings you but does no damage.
You hit the scorpion.
The scorpion is almost dead.
The endoplasm barely misses you.
You are too injured to fight recklessly!
You completely miss the scorpion.
The scorpion is almost dead.
The scorpion stings you.
You die...

#.........#....#
#.........'....#
#.........#....#
#.........#....#
#.........#...##
..............#
....#.#.#.#.#..
............
....#..@J...
........s...
...#...>...
#.........
(#.......


You could see a scorpion and an endoplasm.

Vanquished Creatures
  A phantom (D:4)
  Jessica (D:3)
  Terence (D:2)
  3 adders
  A worm (D:2)
  A dart slug (D:3)
  2 orcs (D:3)
  An endoplasm (D:3)
  2 giant cockroaches (D:2)
  4 goblins
  A hobgoblin (D:1)
  3 jackals (D:1)
  5 quokkas
  8 ball pythons
  4 bats
  5 frilled lizards
  4 kobolds
  7 rats
54 creatures vanquished.

Vanquished Creatures (others)
  8 demonic plants (D:2)
  A fungus (D:2)
  7 plants (D:2)
  3 withered plants (D:2)
19 creatures vanquished.

Grand Total: 73 creatures vanquished

Notes
Turn   | Place    | Note
-------+----------+-------------------------------------------
     0 | D:1      | jimonade the Kobold Brigand began the quest for the Orb.
     0 | D:1      | Reached XP level 1. HP: 12/12 MP: 1/1
   211 | D:1      | Reached XP level 2. HP: 17/17 MP: 2/2
   249 | D:1      | Reached skill level 6 in Stealth
   481 | D:1      | Found Vucips's Book Shoppe.
   896 | D:2      | Found a faded altar of an unknown god.
   912 | D:2      | Noticed Terence
   959 | D:2      | Reached XP level 3. HP: 19/21 MP: 3/3
   967 | D:2      | HP: 1/21 [Terence/+0 flail (6)]
   970 | D:2      | Killed Terence
   971 | D:2      | Reached XP level 4. HP: 2/26 MP: 4/4
  1415 | D:2      | Found Ypsygola's Weapon Boutique.
  1825 | D:3      | Reached skill level 7 in Stealth
  2129 | D:3      | Reached skill level 1 in Poison Magic
  2160 | D:3      | Reached skill level 1 in Air Magic
  2271 | D:3      | Noticed Jessica
  2274 | D:3      | Reached XP level 5. HP: 31/31 MP: 5/5
  2284 | D:3      | Killed Jessica
  2972 | D:4      | Noticed a phantom
  2976 | D:4      | Killed a phantom
  2977 | D:4      | Reached skill level 1 in Spellcasting
  2977 | D:4      | Reached skill level 1 in Conjurations
  2977 | D:4      | Reached XP level 6. HP: 36/36 MP: 5/7
  3009 | D:4      | Found a staircase to the Ecumenical Temple.
  3034 | D:4      | Slain by a scorpion

Illustrated notes

Levels and vault maps discovered:
D:1:      minmay_arrival_hallway, layout_rooms, serial_shops,
          nicolae_shop_crystal
D:2:      layout_basic, serial_shops, nicolae_shop_bloodbath_and_beyond,
          shapermc_ecumenical_altar_gd, uniq_terence
D:3:      layout_loops_ring, chequers_avenue, uniq_jessica
D:4:      layout_gridville, lemuel_coloured_pillars_altar,
          minmay_temple_entry_glass, minmay_manual_maat, uniq_robin

Skill      XL: |  1  2  3  4  5 |
---------------+----------------+-----
Stealth        | 6 7 |  7.8
Short Blades   | 3 |  3.4
Poison Magic   | 1 |  1.2
Air Magic      | 1 |  1.5
Spellcasting   | 1 |  1.0
Conjurations   | 1 |  1.2
Fighting       | |  2.4
Throwing       | |  2.1
Dodging        | |  1.6

Action                   |  1- 3 |  4- 6 || total
-------------------------+-------+-------++-------
Melee: Dagger            |    46 |   110 ||   156
       Punch             |       |     1 ||     1
  Use: Scroll            |       |     1 ||     1
 Stab: Sleeping          |    10 |    19 ||    29
Armor: Robe              |     6 |    27 ||    33
Dodge: Dodged            |    25 |    40 ||    65

Table legend: (Time is in decaauts)
 A = Elapsed time spent in this place.
 B = Non-inter-level travel time spent in this place.
 C = Inter-level travel time spent in this place.
 D = Time resting spent in this place.
 E = Time spent auto-exploring this place.
 F = Levels seen in this place.
 G = Mean time per level.
                   A        B        C        D        E       F      G
               +--------+--------+--------+--------+--------+-----+--------+
         Total |   3008 |   2817 |    191 |    551 |   1719 |   4 |  752.0 |
       Dungeon |   3008 |   2817 |    191 |    551 |   1719 |   4 |  752.0 |
               +--------+--------+--------+--------+--------+-----+--------+

Top non-repeatable levels by time:
     D:3: 1190 daAuts
     D:2: 1000 daAuts
     D:1: 740 daAuts
     D:4: 77 daAuts
